Map: Daybreak LE (Void)

Players

SavioR

  • Race: Terran Terran
  • League: Diamond
  • Spawn Location: 1:00

Trizztein - Winner!

  • Race: Terran Terran
  • League: Diamond
  • Spawn Location: 7:00

VOD

Have the link to the VOD?

Description

Time

  • Played on: Dec. 10, 2016, 8:09 p.m.
  • Length: 15:29
Show
View Real Time Build Order
Export as new Build Order

SavioR Terran 

Build Orders: Liberator Opening, Reaper Expand, Bio Tank 

Get SALT Encoding   

  12  0:01  SCV  
  13  0:13  SCV  
  14  0:19  Supply Depot  
  14  0:25  SCV  
  15  0:39  Refinery  
  15  0:41  SCV  
  16  0:47  Barracks  
  16  0:53  SCV  
  17  1:05  SCV  
  18  1:19  SCV  
  19  1:34  Orbital Command  
  19  1:35  Reaper  
  20  1:50  Command Center  
  20  2:02  SCV  
  20  2:07  Factory  
  21  2:18  SCV  
  21  2:19  Barracks Tech Lab  
  22  2:28  Supply Depot  
  22  2:47  SCV  
  23  2:57  Refinery  
  23  2:58  Marine  
  23  3:04  Starport  
  24  3:10  SCV  
  24  3:11  Orbital Command  
  25  3:31  SCV, Marine  
  27  3:35  Siege Tank  
  30  3:46  Liberator  
  29  3:53  Supply Depot  
  29  3:55  SCV  
  30  4:05  SCV  
  30  4:09  Barracks  
  34  4:10  Command Center  
  34  4:13  Barracks  
  34  4:17  SCV  
  38  4:26  Siege Tank  
  38  4:27  Marine  
  39  4:33  SCV x2  
  41  4:41  Supply Depot  
  41  4:51  Barracks Tech Lab  
  41  4:53  SCV x2  
  43  5:02  Barracks Reactor x2  
  43  5:05  SCV x2  
  45  5:13  Marine  
  46  5:16  Stimpack  
  46  5:18  SCV x2  
  46  5:19  Refinery  
  46  5:20  Refinery  
  48  5:30  SCV x2, Orbital Command  
  48  5:33  Supply Depot  
  50  5:41  Marine  
  50  5:42  Marine x3  
  54  5:43  SCV x2  
  54  5:49  Engineering Bay  
  53  5:52  Factory Tech Lab  
  53  5:53  Raven  
  53  5:55  SCV x2, Marine  
  58  5:57  SCV  
  58  5:58  Marine  
  58  6:00  Marine x3, Supply Depot  
  63  6:04  Supply Depot  
  63  6:07  SCV  
  63  6:08  SCV  
  63  6:09  SCV  
  63  6:10  Siege Tank  
  69  6:12  Marine  
  69  6:16  Marine  
  69  6:17  Marine  
  69  6:18  Marine  
  73  6:20  SCV x2  
  73  6:21  Missile Turret  
  73  6:22  Missile Turret  
  75  6:26  Terran Infantry Weapons Level 1  
  75  6:30  SCV  
  75  6:31  Marine, Supply Depot  
  77  6:35  Marine x2  
  77  6:36  Marine x2  
  81  6:52  SCV x3  
  81  6:53  Starport Reactor  
  84  6:55  Factory, Supply Depot  
  84  6:57  Supply Depot  
  84  6:58  Marine x4  
  87  7:13  SCV x2  
  89  7:18  Supply Depot  
  89  7:19  Supply Depot  
  89  7:20  Engineering Bay  
  89  7:21  Armory  
  89  7:24  Siege Tank  
  89  7:26  Marine x4  
  89  7:27  Combat Shields  
  96  7:30  Medivac  
  96  7:31  Medivac  
  96  7:34  SCV  
  101  7:38  Supply Depot  
  101  7:43  Orbital Command  
  101  7:48  Siege Tank  
  104  7:58  Terran Infantry Armor Level 1  
  104  8:01  Supply Depot  
  104  8:04  Medivac x2  
  108  8:09  Marine x5, Missile Turret  
  113  8:15  Barracks  
  113  8:19  SCV, Barracks  
  114  8:22  SCV  
  115  8:37  Siege Tank x2  
  115  8:38  Marine x4  
  125  8:42  Terran Infantry Weapons Level 2  
  125  8:43  SCV  
  125  8:44  SCV  
  125  8:48  Sensor Tower  
  127  9:07  Marine x4  
  127  9:08  Barracks Tech Lab, Barracks Reactor  
  127  9:09  Marine  
  135  9:10  Siege Tank  
  135  9:12  Siege Tank  
  138  9:25  Marine  
  138  9:30  Marine x4  
  138  9:31  Marauder  
  145  9:32  SCV x3  
  145  9:34  Refinery x2  
  145  9:38  Command Center  
  143  9:42  Siege Tank  
  143  9:44  Siege Tank  
  149  9:47  SCV  
  149  9:48  SCV x2  
  151  9:53  Supply Depot  
  151  9:59  SCV  
  146  10:03  SCV x2  
  146  10:06  Medivac x2  
  152  10:07  Marine x2  
  152  10:08  Marine x2  
  152  10:12  SCV  
  157  10:15  Supply Depot  
  157  10:16  Terran Infantry Armor Level 2  
  149  10:39  Supply Depot  
  149  10:40  Marine x2  
  149  10:41  Marine x3  
  149  10:42  Marine x3  
  157  10:44  Concussive Shells  
  157  10:46  Terran Vehicle Weapons Level 1  
  157  10:52  Medivac x2  
  161  11:00  Marauder x2  
  161  11:03  Command Center  
  165  11:07  Missile Turret  
  165  11:10  Missile Turret  
  164  11:15  Missile Turret  
  146  11:33  Marine x4  
  146  11:34  Marauder  
  146  11:38  SCV x2  
  146  11:39  Planetary Fortress  
  140  11:43  Medivac x2  
  144  11:49  Marine x3  
  144  11:51  Marine  
  148  11:55  Marauder  
  148  11:56  Terran Infantry Weapons Level 3  
  148  11:59  Barracks  
  148  12:00  Missile Turret  
  150  12:02  Barracks  
  150  12:04  SCV  
  150  12:05  SCV  
  152  12:16  Refinery  
  152  12:20  Refinery, Missile Turret  
  152  12:23  Marine  
  152  12:24  Marine x4  
  152  12:25  Marauder x2  
  152  12:26  Marine  
  162  12:33  Terran Infantry Armor Level 3  
  162  12:41  Marine x3  
  165  12:46  Marauder x2  
  138  12:54  Marine  
  138  12:55  Marine x2  
  138  12:57  Siege Tank x2  
  130  12:58  Terran Vehicle Weapons Level 2  
  130  12:59  Marine x2  
  130  13:02  Orbital Command  
  130  13:03  Barracks Tech Lab, Barracks Reactor  
  132  13:07  Marauder  
  132  13:08  Marauder  
  132  13:10  SCV x3  
  132  13:12  SCV  
  140  13:14  Medivac x2  
  121  13:29  Marauder  
  121  13:30  Marine x3  
  121  13:31  Marine x3  
  126  13:41  Marine x4  
  127  13:48  Marine x3  
  130  13:49  Barracks  
  130  13:50  Marauder  
  130  13:51  Barracks  
  130  13:53  Command Center  
  135  13:59  Marauder  
  135  14:00  Marauder  
  139  14:12  Marauder  
  141  14:17  Starport  
  141  14:18  Starport  
  141  14:19  Starport  
  141  14:21  Armory  
  141  14:22  Fusion Core  
  141  14:23  Marine, Starport  
  141  14:24  Marine x4  
  143  14:25  Marine  
  134  14:47  Marine x3  
  134  14:48  Barracks Tech Lab, Barracks Reactor  
  133  14:52  SCV  
  133  14:53  SCV x2  
  113  15:10  Marine x4  
  113  15:11  Marine x2  
Show
View Real Time Build Order
Export as new Build Order

Trizztein Terran - Winner!

Build Orders: Reaper Expand, Mech 

Get SALT Encoding   

  12  0:00  SCV  
  13  0:12  SCV  
  14  0:18  Supply Depot  
  14  0:25  SCV  
  15  0:39  SCV  
  15  0:40  Barracks  
  16  0:45  Refinery  
  16  0:55  SCV  
  17  1:08  SCV  
  18  1:20  SCV  
  19  1:30  Reaper  
  20  1:34  Orbital Command  
  20  1:48  Command Center  
  20  2:02  SCV  
  21  2:09  Marine  
  21  2:11  Factory  
  21  2:14  Refinery  
  22  2:25  SCV  
  22  2:28  Barracks Reactor  
  23  2:39  SCV  
  22  2:51  SCV  
  22  2:58  Starport  
  23  3:02  Orbital Command  
  23  3:04  Factory Tech Lab  
  22  3:13  Supply Depot  
  22  3:18  SCV  
  22  3:19  Marine x2  
  23  3:30  SCV  
  24  3:42  SCV  
  23  3:51  SCV  
  23  3:53  Siege Tank  
  27  3:57  SCV  
  28  4:03  SCV  
  28  4:04  Marine x2  
  28  4:09  Starport Tech Lab  
  31  4:11  SCV  
  31  4:15  SCV  
  33  4:23  SCV  
  34  4:25  Siege Tank  
  34  4:27  SCV  
  34  4:31  Marine x2, Refinery  
  40  4:34  Supply Depot  
  40  4:35  SCV  
  41  4:39  SCV  
  42  4:47  SCV  
  42  4:51  SCV  
  44  4:53  Raven  
  44  4:58  Supply Depot  
  44  4:59  SCV  
  47  5:04  SCV  
  48  5:11  SCV  
  49  5:15  Refinery  
  49  5:16  SCV  
  50  5:23  SCV  
  50  5:26  Marine x2  
  50  5:27  Siege Tank  
  50  5:28  SCV  
  57  5:34  Command Center  
  57  5:35  SCV  
  57  5:40  SCV  
  58  5:47  SCV  
  58  5:48  Supply Depot  
  59  5:50  Engineering Bay  
  59  5:52  SCV  
  60  6:00  SCV  
  61  6:04  SCV  
  62  6:12  SCV  
  62  6:16  SCV  
  62  6:17  Supply Depot  
  64  6:24  SCV  
  65  6:26  Missile Turret  
  65  6:29  SCV, Factory  
  65  6:30  Armory  
  66  6:34  Barracks Reactor  
  66  6:36  SCV  
  67  6:40  Supply Depot  
  67  6:41  SCV  
  67  6:46  Orbital Command  
  68  6:48  SCV  
  68  6:54  SCV  
  70  6:58  Missile Turret, Widow Mine  
  70  7:00  SCV  
  73  7:06  SCV  
  74  7:12  SCV  
  74  7:15  Orbital Command  
  75  7:18  SCV  
  75  7:19  Missile Turret  
  75  7:21  Factory  
  76  7:23  Hellion x2  
  76  7:24  SCV  
  76  7:25  Terran Vehicle Weapons Level 1  
  81  7:30  SCV  
  81  7:31  Supply Depot  
  81  7:33  Supply Depot  
  81  7:37  SCV  
  83  7:40  Missile Turret  
  83  7:41  Missile Turret, Siege Tank  
  83  7:42  Missile Turret  
  86  7:51  SCV x3  
  89  8:06  Sensor Tower  
  89  8:07  Hellion x2  
  89  8:08  Siege Tank  
  89  8:09  Viking x2  
  89  8:10  SCV  
  89  8:12  Refinery  
  101  8:13  Supply Depot  
  101  8:14  Refinery, Supply Depot  
  101  8:17  Starport  
  100  8:20  Siege Tank  
  103  8:28  Missile Turret x2  
  103  8:30  Missile Turret  
  103  8:31  Missile Turret  
  103  8:36  Hellion x2  
  103  8:37  Supply Depot x2  
  107  8:43  SCV x2  
  107  8:45  Siege Tank  
  112  8:53  Factory  
  112  8:54  Factory, Starport Reactor  
  112  8:55  Siege Tank  
  115  9:01  Supply Depot  
  114  9:02  Supply Depot  
  114  9:08  Hellion x2  
  118  9:10  Viking x2  
  118  9:34  Siege Tank x2  
  118  9:35  Hellion x2  
  128  9:52  Terran Vehicle Weapons Level 2  
  128  9:54  Liberator x2  
  124  10:06  Siege Tank  
  124  10:07  Factory Tech Lab, Siege Tank  
  130  10:08  Armory, Factory Reactor  
  130  10:10  Viking  
  130  10:11  Viking  
  130  10:13  Hellion x2  
  144  10:21  Infernal Pre-Igniter  
  144  10:24  Command Center  
  139  10:32  Liberator x2  
  139  10:34  Hellion x2  
  143  10:38  Siege Tank  
  146  10:45  Sensor Tower  
  152  10:54  Viking  
  152  10:57  Siege Tank x2  
  157  10:58  Hellion x2  
  157  11:00  SCV  
  165  11:10  SCV x2  
  165  11:11  Hellion  
  159  11:32  Siege Tank x2  
  163  11:33  Hellion  
  163  11:34  Hellion  
  163  11:36  Hellion x2  
  165  11:48  Refinery  
  165  11:57  Hellion x3, Siege Tank  
  165  11:58  Hellion  
  176  12:03  Viking x2  
  180  12:11  Missile Turret, Supply Depot, Liberator  
  180  12:12  Supply Depot  
  180  12:13  Planetary Fortress, Refinery, Missile Turret, Supply Depot  
  180  12:15  Liberator  
  180  12:16  Liberator  
  180  12:27  Hellion  
  180  12:33  Hellion  
  180  12:35  Siege Tank  
  191  12:38  Hellion  
  193  12:48  Siege Tank  
  178  12:54  Siege Tank  
  181  13:10  Siege Tank  
  181  13:11  Hellion x3  
  190  13:13  Cyclone  
  190  13:18  Terran Vehicle And Ship Armor Level 1  
  188  13:20  Siege Tank  
  188  13:21  Liberator  
  188  13:26  Cyclone  
  164  13:30  Liberator  
  164  13:32  Hellion x8  
  155  13:35  Hellion  
  155  13:36  Cyclone, Hellion  
  155  13:38  Viking x2  
  169  13:57  Hellion x2  
  173  14:08  Viking  
  175  14:13  Command Center  
  175  14:21  Siege Tank x2  
  175  14:22  Hellion x2  
  175  14:23  Siege Tank  
  174  14:54  Siege Tank x2  
  174  14:55  Hellion x3  
Tags
 
Add a new tag
Caveats
  • Supply blocks, unpowered buildings, or Contaminate may cause inaccurate times.
  • Supply counts are checked every 10 seconds.